 Dungeon Crawl Stone Soup version 0.31.0-11-ge490571c62 (webtiles) character file.

Game seed: 587179343406385720

177 qw the Skirmisher (level 5, -16/29 HPs)
             Began as a Deep Elf Hunter on Feb 3, 2024.
             Demolished by an ogre
             ... wielding a +0 giant spiked club
              (26 damage)
             ... on level 4 of the Dungeon.
             The game lasted 00:00:11 (2616 turns).

qw the Skirmisher (Deep Elf Hunter)                 Turns: 2616, Time: 00:00:11

Health: -16/29     AC:  6    Str: 10    XL:     5   Next: 31%
Magic:  7/7        EV:  9    Int: 14    God:
Gold:   186        SH:  0    Dex: 18    Spells: 4/4 levels left

rFire   . . .        a - +1 shortbow
rCold   . . .        (shield currently unavailable)
rNeg    . . .        h - +0 scale mail
rPois   .            (no helmet)
rElec   .            (no cloak)
rCorr   .            (no gloves)
SInv    .            (no boots)
Will    .....        (no amulet)
Stlth   +            (no ring)
HPRegen 0.24/turn    (no ring)
MPRegen 0.10/turn

%: no passive effects
@: no status effects
A: no striking features
a: no special abilities


You were on level 4 of the Dungeon.
You visited 1 branch of the dungeon, and saw 4 of its levels.

You collected 186 gold pieces.


   Skills:
 - Level 1.5 Fighting
 + Level 8.8 Ranged Weapons
 - Level 2.4 Dodging
 - Level 1.2 Stealth


You had 4 spell levels left.
You didn't know any spells.
Your spell library was empty.

Inventory:

Hand Weapons
 a - a +1 shortbow (weapon)
Armour
 e - a +0 ring mail
 h - a +0 scale mail (worn)
 i - a +2 hat
Jewellery
 g - a ring of fire
Wands
 l - a wand of iceblast (2)
Scrolls
 c - a scroll of teleportation
Potions
 b - a potion of invisibility {unknown}
 d - 4 potions of enlightenment
 f - a potion of might {unknown}
 j - 2 potions of curing
 k - a potion of berserk rage {unknown}
 m - a potion of mutation {unknown}

Dungeon Overview and Level Annotations

Branches:
Dungeon (4/15)
 Temple: D:4-7

Altars:
Vehumet


Message History

The kobold hits you but does no damage.
You shoot an arrow. The arrow hits the kobold.
You kill the kobold!
You start resting.
HP restored.
You now have 186 gold pieces (gained 2).
You see here a +0 short sword.
e - a +0 ring mail A hobgoblin comes into view.
The hobgoblin shouts!
You hear a shout! x2
You shoot an arrow. The arrow hits the hobgoblin.
The hobgoblin is severely wounded.
You shoot an arrow. The arrow hits the hobgoblin.
The hobgoblin is almost dead.
You shoot an arrow. The arrow barely misses the hobgoblin.
You shoot an arrow. The arrow hits the hobgoblin!
You kill the hobgoblin!
i - a +2 hat You open the door.
An endoplasm comes into view.
There is an open door here.
You shoot an arrow. The endoplasm quivers.
The arrow hits the endoplasm.
You kill the endoplasm!
An ogre comes into view. It is wielding a +0 giant spiked club.
You shoot an arrow. The arrow hits the ogre.
The ogre is lightly wounded.
The ogre hits you with a +0 giant spiked club.
You shoot an arrow. The arrow hits the ogre.
The ogre is lightly wounded.
The ogre hits you with a +0 giant spiked club!
Ouch! That really hurt!
You shoot an arrow. The arrow hits the ogre.
The ogre is moderately wounded.
You shoot an arrow. The arrow hits the ogre.
The ogre is moderately wounded.
The ogre hits you with a +0 giant spiked club!!
Ouch! That really hurt!
You die...

#...####.#..#
.....%...#..##
....###..#...# .
###..##..###
+.....#....#
##.##.#.##....#
#.....#)#####..###
##.####..%.# #...##
#@# ####.# #.....
#.O.....###.###.....
#.......#.....#.....
#.......#.#...#....%
#.......+.#...#.....
#.......###...#)....
#.......# #...%..#..
######### #......#..
#......#..


You could see an ogre.

Vanquished Creatures
  A hound (D:4)
  2 iguanas (D:4)
  4 adders
  A dart slug (D:2)
  A ribbon worm (D:2)
  An orc (D:3)
  4 ball pythons
  4 endoplasms
  2 giant cockroaches
  5 goblins
  4 hobgoblins
  2 quokkas
  9 bats
  3 frilled lizards
  9 kobolds
  6 rats
58 creatures vanquished.

Notes
Turn   | Place    | Note
-------+----------+-------------------------------------------
     0 | D:1      | qw the Deep Elf Hunter began the quest for the Orb.
     0 | D:1      | Reached XP level 1. HP: 12/12 MP: 3/3
     0 | D:1      | 0 ||| qw: Version: 0.3-a-158-g18b3111
     0 | D:1      | 0 ||| qw: Game counter: 4099
     0 | D:1      | 0 ||| qw: Melee chars always use a shield: true
     0 | D:1      | 0 ||| qw: God list: Okawaru
     0 | D:1      | 0 ||| qw: Allow faded altars: false
     0 | D:1      | 0 ||| qw: Do Orc after clearing Dungeon:15 true
     0 | D:1      | 0 ||| qw: Do second Lair branch before Depths: true
     0 | D:1      | 0 ||| qw: Lair rune preference: random
     0 | D:1      | 0 ||| qw: Goals: Normal
     0 | D:1      | 0 ||| PLANNING D:1-11
   191 | D:1      | Reached XP level 2. HP: 16/16 MP: 4/4
   255 | D:1      | Reached skill level 6 in Ranged Weapons
   768 | D:1      | 768 ||| READING scroll labelled WUEGAK COASA.
   768 | D:1      | 768 ||| ENCHANTING +0 shortbow.
   769 | D:1      | 769 ||| READING scroll labelled AXZAGR KITA.
   770 | D:1      | 770 ||| READING scroll labelled HEOKKU PEUHORORYSM.
   771 | D:1      | 771 ||| DRINKING 3 green potions.
   772 | D:1      | 772 ||| DROPPING scroll of butterflies.
   774 | D:1      | 774 ||| Stepping ~*~*~tactically~*~*~ (cloud).
   779 | D:1      | HP: 4/16 [poisoned by you (poison gas)]
   958 | D:2      | Found a faded altar of an unknown god.
  1035 | D:2      | Reached XP level 3. HP: 15/20 MP: 5/5
  1053 | D:2      | 1053 ||| FLEEEEING.
  1055 | D:2      | 1055 ||| FLEEEEING.
  1056 | D:2      | 1056 ||| FLEEEEING.
  1060 | D:2      | 1060 ||| FLEEEEING.
  1061 | D:2      | 1061 ||| FLEEEEING.
  1062 | D:2      | 1062 ||| FLEEEEING.
  1063 | D:2      | 1063 ||| FLEEEEING.
  1064 | D:2      | 1064 ||| FLEEEEING.
  1065 | D:2      | 1065 ||| FLEEEEING.
  1066 | D:2      | 1066 ||| FLEEEEING.
  1067 | D:2      | 1067 ||| FLEEEEING.
  1068 | D:2      | 1068 ||| FLEEEEING.
  1069 | D:2      | 1069 ||| FLEEEEING.
  1070 | D:2      | 1070 ||| FLEEEEING.
  1071 | D:2      | 1071 ||| FLEEEEING.
  1072 | D:2      | 1072 ||| FLEEEEING.
  1073 | D:2      | 1073 ||| FLEEEEING.
  1074 | D:2      | 1074 ||| FLEEEEING.
  1075 | D:2      | 1075 ||| FLEEEEING.
  1076 | D:2      | 1076 ||| FLEEEEING.
  1077 | D:2      | 1077 ||| FLEEEEING.
  1078 | D:2      | 1078 ||| FLEEEEING.
  1245 | D:2      | You fall into a shaft and drop 1 floor!
  1246 | D:3      | 1246 ||| READING scroll labelled MIAGIK ASTRUZ.
  1247 | D:3      | 1247 ||| READING 2 scrolls labelled GOCRUERGHOBB.
  1247 | D:3      | 1247 ||| IDENTIFYING lumpy brown potion
  1248 | D:3      | 1248 ||| READING scroll of identify.
  1248 | D:3      | 1248 ||| IDENTIFYING murky purple potion
  1249 | D:3      | 1249 ||| DROPPING potion of lignification.
  1250 | D:3      | 1250 ||| DROPPING potion of brilliance.
  1255 | D:3      | 1255 ||| FLEEEEING.
  1256 | D:3      | 1256 ||| STAIRDANCE
  1511 | D:2      | 1511 ||| DROPPING ring of wizardry.
  1512 | D:2      | 1512 ||| READING scroll labelled WOYSEPPAATA.
  1516 | D:2      | 1516 ||| DRINKING 2 fuming purple potions.
  1538 | D:3      | 1538 ||| STAIRDANCE
  1542 | D:2      | Reached skill level 7 in Ranged Weapons
  1666 | D:3      | Found a radiant altar of Vehumet.
  2191 | D:3      | 2191 ||| UPGRADING to +0 scale mail.
  2201 | D:3      | 2201 ||| DROPPING +0 leather armour.
  2202 | D:3      | 2202 ||| READING scroll labelled REUSOGHE FUTHRO.
  2303 | D:3      | 2303 ||| READING scroll labelled QEPPI PEARCH.
  2321 | D:4      | HP: 2/20 [iguana (10)]
  2323 | D:4      | Reached XP level 4. HP: 3/25 MP: 6/6
  2401 | D:4      | 2401 ||| STAIRDANCE
  2443 | D:4      | Reached skill level 8 in Ranged Weapons
  2486 | D:4      | Reached XP level 5. HP: 20/29 MP: 7/7
  2612 | D:4      | Noticed an ogre
  2616 | D:4      | Demolished by an ogre

Levels and vault maps discovered:
D:1:      scummos_arrival_checkerplants, layout_basic, serial_bayou,
          serial_bayou_crossing, serial_bayou_pond_e, serial_bayou_lake_a,
          serial_bayou_shore_a
D:2:      layout_loops_ring, hellmonk_ecumenical_altar_run_dry,
          grunt_decor_one_mirror
D:3:      layout_basic, nicolae_overflow_crystal_walls
D:4:      layout_basic, small_statue_intersection

Skill      XL: |  1  2  3  4 |
---------------+-------------+-----
Ranged Weapons | 6 7 8 |  8.8
Fighting       | |  1.5
Dodging        | |  2.4
Stealth        | |  1.2

Action                     |  1- 3 |  4- 6 || total
---------------------------+-------+-------++-------
   Fire: Shortbow          |   132 |    42 ||   174
    Use: Scroll            |     9 |       ||     9
         Potion            |     2 |       ||     2
 Armour: Leather armour    |    22 |       ||    22
         Scale mail        |     3 |    22 ||    25
  Dodge: Dodged            |    30 |     9 ||    39

Table legend:
 A = Non-vault XP
 B = Vault XP
 C = Vault XP percentage of total XP
 D = Non-vault monster count
 E = Vault monster count
 F = Vault count percentage of total count
                 A         B        C        D         E       F
            +---------+---------+-------+---------+---------+-------
      Total |     254 |       0 |   0.0 |      58 |       0 |   0.0
            +---------+---------+-------+---------+---------+-------
        D:1 |      25 |       0 |   0.0 |      17 |       0 |   0.0
        D:2 |      39 |       0 |   0.0 |      15 |       0 |   0.0
        D:3 |      26 |       0 |   0.0 |      15 |       0 |   0.0
        D:4 |     164 |       0 |   0.0 |      11 |       0 |   0.0
            +---------+---------+-------+---------+---------+-------
